 Dungeon Crawl Stone Soup version 0.17.1-2-g5865329 (webtiles) character file.

90 Lonerover the Skirmisher (level 4, -1/41 HPs)
             Began as a Draconian Berserker on Jan 27, 2016.
             Was a Believer of Trog.
             Slain by a gnoll
             ... wielding a +0 whip
              (2 damage)
             ... while paralysed by Grinder
             ... on level 3 of the Dungeon.
             The game lasted 00:04:58 (2227 turns).

Lonerover the Skirmisher (Draconian Berserker)      Turns: 2227, Time: 00:04:59

Health: -1/41      AC:  5    Str: 20    XL:     4   Next: 32%
Magic:  4/4        EV:  2    Int:  8    God:    Trog [**....]
Gold:   64         SH:  0    Dex: 10    Spells: 0 memorised, 3 levels left

rFire  . . .     SeeInvis .     a - +0 hand axe
rCold  . . .     Clarity  .     (armour unavailable)
rNeg   . . .     SustAt   .     (no shield)
rPois  .         Gourm    .     (helmet restricted)
rElec  .         Spirit   .     (no cloak)
rCorr  .         Warding  .     (no gloves)
rMut   .         Stasis   .     (no boots)
MR     .....                    (no amulet)
Stlth  +.........               (no ring)
                                (no ring)

@: paralysed, not resistant to hostile enchantments, very unstealthy
A: unfitting armour, cold-blooded, AC +5
a: Berserk, Trog's Hand, Burn Spellbooks, Renounce Religion


You were on level 3 of the Dungeon.
You worshipped Trog.
Trog was pleased with you.
You were hungry.

You visited 1 branch of the dungeon, and saw 3 of its levels.

You collected 64 gold pieces.

Inventory:

Hand Weapons
 a - a +0 hand axe (weapon)
Jewellery
 e - a +3 ring of evasion {unknown}
Scrolls
 f - a scroll of enchant weapon {unknown}
 h - a scroll of noise {unknown}
 i - a scroll of identify {unknown}
 n - 2 scrolls of remove curse {unknown}
 o - a scroll of magic mapping {unknown}
Potions
 j - 3 potions of curing {unknown}
 l - a potion of cancellation {unknown}
 m - a potion of mutation {unknown}
 q - a potion of poison {unknown}
Books
 p - a book of Battle

   Spells                             Type                      Level
   a - Infusion                       Charms                       1
   b - Shroud of Golubria             Charms/Translocation         2
   c - Song of Slaying                Charms                       2
   d - Spectral Weapon                Hexes/Charms                 3
   e - Regeneration                   Charms/Necromancy            3
   Trog disapproves of the use of such an item.
Comestibles
 b - 3 bread rations
 c - a meat ration
 d - a beef jerky
 g - a fruit
 k - a royal jelly


   Skills:
 + Level 4.5 Fighting
 + Level 4.2 Axes
 - Level 2.6 Dodging


You had 3 spell levels left.
You didn't know any spells.

Dungeon Overview and Level Annotations

Branches:
Dungeon (3/15)

Altars:

Annotations:
D:3 Grinder


Innate Abilities, Weirdness & Mutations

Your plain brown scales are hard (AC +5).
Your body does not fit into most forms of armour.
You are cold-blooded and may be slowed by cold attacks.


Message History

The gnoll shouts!
A gnoll comes into view.
You slice into the net. You slice the net and break free!
The gnoll shouts!
A gnoll comes into view. It is wielding a flail.
The gnoll shouts!
Grinder gestures at you.
You suddenly lose the ability to move!
Grinder says, "Mostly I couldn't keep them alive."
The gnoll barely misses you. Grinder hits you.
You writhe in agony.
The gnoll hits you from afar with a spear.
The gnoll hits you with a whip. Grinder hits you.
You writhe in agony.
* * * LOW HITPOINT WARNING * * *
The gnoll hits you but does no damage. Grinder hits you.
* * * LOW HITPOINT WARNING * * *
You writhe in agony.
* * * LOW HITPOINT WARNING * * *
The gnoll hits you with a whip.
You die...

....#####.#...#
.... #.#...#
... #.#...# ..
#.#...# #..##.#
##.##(# #..#.#
##.#.# #..@####
#.gg5?.#
#..g...#
#..g...#
#......#
#....%.#
.......#
........#
.....>.%..


You could see Grinder and 4 gnolls.

Vanquished Creatures
  5 adders
  2 oozes
  A giant gecko (D:2)
  6 bats
  5 goblins
  A hobgoblin (D:2)
  6 jackals
  A quokka (D:2)
  2 giant cockroaches
  A giant newt (D:2)
  5 kobolds
  4 rats
39 creatures vanquished.

Notes
Turn   | Place    | Note
--------------------------------------------------------------
     0 | D:1      | Lonerover the Draconian Berserker began the quest for the Orb.
     0 | D:1      | Reached XP level 1. HP: 19/19 MP: 1/1
   270 | D:1      | Reached XP level 2. HP: 26/26 MP: 2/2
   936 | D:2      | Reached skill level 4 in Fighting
   948 | D:2      | Reached XP level 3. HP: 29/33 MP: 3/3
  1174 | D:2      | Reached ** piety under Trog
  1555 | D:2      | Reached XP level 4. HP: 41/41 MP: 4/4
  2216 | D:3      | Noticed Grinder
  2222 | D:3      | Paralysed by Grinder for 6 turns
  2227 | D:3      | HP: 1/41 [Grinder (5)]
  2227 | D:3      | Slain by a gnoll

Action                   |  1- 3 |  4- 6 || total
-------------------------+-------+-------++-------
Melee: Hand axe          |   106 |    27 ||   133
 Stab: Sleeping          |     1 |       ||     1
  Eat: Chunk             |     2 |       ||     2
       Fruit             |       |     2 ||     2
